 Dungeon Crawl Stone Soup version 0.30.1-11-g7821555f0a (webtiles) character file.

Game seed: 12380564274858251230

4781 Martska the Fighter (level 10, -2/80 HPs)
             Began as a Human Monk on Dec 8, 2023.
             Was a Priest of Wu Jian.
             Slain by an ice devil (12 damage)
             ... on level 8 of the Dungeon.
             The game lasted 00:16:33 (10009 turns).

Martska the Fighter (Human Monk)                   Turns: 10009, Time: 00:16:33

Health: -2/80      AC:  7    Str: 15    XL:     10   Next: 75%
Magic:  17/17      EV: 15    Int: 11    God:    Wu Jian [***...]
Gold:   214        SH:  0    Dex: 16    Spells: 10/19 levels left

rFire   . .          .
                       - Unarmed
rCold   . . .        (no shield)
rNeg    . . .        k - +0 leather armour
rPois   .            D - +0 helmet
rElec   .            m - +0 cloak
rCorr   .            n - +0 pair of gloves
SInv    .            L - +0 pair of boots
Will    .....        (no amulet)
Stlth   +            B - +4 ring of slaying
HPRegen 0.33/turn    u - +4 ring of slaying
MPRegen 0.15/turn

%: no passive effects
@: about to teleport
A: no striking features
a: Renounce Religion, Wall Jump, Serpent's Lash


You were on level 8 of the Dungeon.
You worshipped Wu Jian.
Wu Jian was most pleased with you.
You visited 2 branches of the dungeon, and saw 9 of its levels.

You collected 574 gold pieces.
You spent 360 gold pieces at shops.

Inventory:

Hand Weapons
 a - the +6 spear of Action {drain, rC+ Int+3 Dex+2 SInv}
   (You found it on level 8 of the Dungeon)

   Int:       It affects your intelligence (+3).
   Dex:       It affects your dexterity (+2).
   rC:        It protects you from cold.
   SInv:      It lets you see invisible.
 K - a +1 demon blade of draining
 Q - a +2 short sword of venom
 T - the +3 Elemental Staff {rElec rF+ rC+ AC+3}
   (You took it off a deep elf pyromancer on level 8 of the Dungeon)

   It enhances your fire, ice, earth and air magic.
   AC:        It affects your AC (+3).
   rF:        It protects you from fire.
   rC:        It protects you from cold.
   rElec:     It insulates you from electricity.
Missiles
 b - 2 throwing nets
Armour
 c - an orb of light
 k - a +0 leather armour (worn)
 m - a +0 cloak (worn)
 n - a +0 pair of gloves (worn)
 D - a +0 helmet (worn)
 L - a +0 pair of boots (worn)
 P - a +1 hat
Jewellery
 f - a ring of protection from cold
 j - a ring of ice
 u - a +4 ring of slaying (right hand)
 B - a +4 ring of slaying (left hand)
 F - a +4 ring of protection
Wands
 q - a wand of iceblast (1)
 C - a wand of polymorph (9)
 I - a wand of paralysis (17)
 J - a wand of flame (23)
Scrolls
 g - 2 scrolls of teleportation
 h - 2 scrolls of magic mapping
 i - 3 scrolls of blinking
 o - a scroll of torment {unknown}
 s - a scroll of summoning {unknown}
 y - 2 scrolls of vulnerability {unknown}
 A - 2 scrolls of enchant armour {unknown}
 H - a scroll of enchant weapon {unknown}
 N - 3 scrolls of fog {unknown}
 O - a scroll of immolation {unknown}
 R - 2 scrolls of identify
Potions
 d - a potion of haste
 e - 5 potions of curing
 l - 2 potions of mutation
 p - a potion of heal wounds
 r - 2 potions of brilliance
 t - a potion of attraction {unknown}
 v - 2 potions of degeneration {unknown}
 w - 2 potions of lignification
 x - 2 potions of resistance {unknown}
 z - a potion of might {unknown}
 E - a potion of flight {unknown}
 G - a potion of berserk rage {unknown}
 M - a potion of magic {unknown}
 S - a potion of ambrosia


   Skills:
 * Level 8.3 Fighting
 + Level 6.5 Dodging
 * Level 8.2 Unarmed Combat
 - Level 5.0 Spellcasting
 + Level 4.5 Transmutations
 + Level 4.4 Air Magic


You had 10 spell levels left.
You knew the following spells:

 Your Spells              Type           Power      Damage    Failure   Level
a - Storm Form            Tmut/Air       6%         N/A       100%        7
b - Blink                 Tloc           4%         N/A       36%         2

Your spell library contained the following spells:

 Spells                   Type           Power      Damage    Failure   Level
 Cigotuvi's Dreadful Rot  Necr/Pois/Air  12%        N/A       22%         2
 Necrotise                Necr           8%         1d4       26%         1
 Slow                     Hex            8%         N/A       26%         1
 Ignite Poison            Fire/Tmut/Pois 6%         N/A       38%         3
 Confusing Touch          Hex            2%         N/A       61%         3
 Dazzling Flash           Conj/Hex       4%         N/A       61%         3
 Frozen Ramparts          Ice            4%         1d1       61%         3
 Summon Guardian Golem    Hex/Summ       2%         N/A       61%         3
 Vampiric Draining        Necr           2%         2d6       61%         3
 Volatile Blastmotes      Fire/Tloc      4%         2d10      61%         3
 Ice Form                 Ice/Tmut       7%         N/A       71%         4
 Animate Dead             Necr           2%         N/A       95%         4
 Iskenderun's Mystic Bla  Conj/Tloc      2%         2d3       95%         4
 Manifold Assault         Tloc           2%         N/A       95%         4
 Summon Ice Beast         Ice/Summ       2%         N/A       95%         4
 Freezing Cloud           Conj/Ice/Air   3%         6-21      98%         5
 Eringya's Noxious Bog    Tmut/Pois      3%         N/A       100%        6
 Starburst                Conj/Fire      1%         6d3       100%        6
 Haunt                    Necr/Summ      1%         N/A       100%        7
 Orb of Destruction       Conj           1%         9d5       100%        7
 Spellforged Servitor     Conj/Summ      1%         N/A       100%        7
 Borgnjor's Revivificati  Necr           1%         N/A       100%        8
 Infestation              Necr           1%         N/A       100%        8


Dungeon Overview and Level Annotations

Branches:
Dungeon (8/15)             Temple (1/1) D:5            Lair (0/5) D:8

Altars:
Cheibriados
Gozag
Hepliaklqana
Makhleb
Okawaru
Ru
Sif Muna
Vehumet
Wu Jian
Xom
Yredelemnul
The Shining One

Shops:
D:5 *   D:6 =   D:7 ?*


Message History

As you read the scroll of teleportation, it crumbles to dust.
You feel strangely unstable. The orc hits you but does no damage.
The gnoll hits you with a +0 flail!
The gnoll sergeant hits you from afar with a +0 spear!
* * * LOW HITPOINT WARNING * * *
The orc attacks as you move away! The orc barely misses you.
Your surroundings suddenly seem different.
You start resting.
HP restored.
There is an open door here.
There is an open door here.
There is an open door here.
You open the door.
An ice devil comes into view.
There is an open door here.
A gargoyle comes into view. It is wielding a +0 flail.
The ice devil closely misses you.
The gargoyle hurls a stone arrow at you.
The stone arrow hits you. The ice devil completely misses you.
You hit the ice devil.
The ice devil is lightly wounded.
The ice devil hits you! The ice devil freezes you!
The ice devil barely misses you.
You hit the ice devil.
The ice devil is moderately wounded.
The ice devil barely misses you. The gargoyle completely misses you.
The ice devil closely misses you.
You closely miss the ice devil.
The ice devil is moderately wounded.
The ice devil completely misses you. The ice devil hits you!
The ice devil freezes you! The gargoyle misses you.
As you read the scroll of teleportation, it crumbles to dust.
You feel strangely unstable. The ice devil hits you.
The ice devil freezes you!!
* * * LOW HITPOINT WARNING * * *
The gargoyle hurls a stone arrow at you.
The stone arrow misses you. The ice devil hits you.
* * * LOW HITPOINT WARNING * * *
The ice devil freezes you!
You die...

#### ####.# ## ###...###
##.....#######
####...####...#####
+#..##.##..#'..'....
##....###....##.#....
..##...94###.....###....
..###..4@##.##....###....
..##≈##..#'...'#..##≈##... ..(.
.##≈≈≈####.....####≈≈§##.. y..#
##≈≈☼≈≈##.....[.##≈≈≈§≈##.
...#######≈≈≈####.....####≈≈§##..
.....#...##≈##..#'...'#..##≈##...
.....+....###....##.##....####'##
.....#.....##.....###.....##.....
g)...#......##....###....##......


You could see 2 ice devils and a gargoyle.

Vanquished Creatures
  A deep elf pyromancer (D:8)
  Pikel (D:8)
  Joseph (D:8)
  A komodo dragon (D:8)
  A raiju (D:8)
  A steam dragon (D:8)
  A basilisk (D:8)
  Menkaure (D:4)
  3 water moccasins
  3 sky beasts
  2 ice beasts
  3 black bears
  An ogre (D:4)
  A centaur (D:8)
  3 kobold brigands
  A bullfrog (D:7)
  2 scorpions
  4 wights (D:7)
  7 killer bees
  3 howler monkeys (D:8)
  2 jellies (D:6)
  3 hounds
  3 iguanas
  A sleepcap (D:6)
  An orc wizard (D:7)
  5 gnolls
  10 adders
  2 shadow imps
  A white imp (D:8)
  A worm (D:4)
  3 dart slugs
  9 orcs
  10 ball pythons
  8 bats
  16 endoplasms
  3 giant cockroaches (D:2)
  8 hobgoblins
  8 jackals
  6 quokkas
  6 frilled lizards
  15 goblins
  21 kobolds
  12 rats
195 creatures vanquished.

Notes
Turn   | Place    | Note
-------+----------+-------------------------------------------
     0 | D:1      | Martska the Human Monk began the quest for the Orb.
     0 | D:1      | Reached XP level 1. HP: 18/18 MP: 1/1
   212 | D:1      | Reached XP level 2. HP: 24/24 MP: 2/2
   465 | D:1      | Reached XP level 3. HP: 29/29 MP: 3/3
  1174 | D:2      | Reached XP level 4. HP: 30/35 MP: 4/4
  2039 | D:3      | Reached XP level 5. HP: 39/42 MP: 5/5
  2204 | D:3      | Found a shimmering blue altar of Sif Muna.
  2702 | D:4      | Found an iron altar of Okawaru.
  2727 | D:4      | Noticed an ogre
  2739 | D:4      | Killed an ogre
  2740 | D:4      | Reached skill level 1 in Spellcasting
  2740 | D:4      | Reached XP level 6. HP: 49/49 MP: 5/7
  2963 | D:4      | Noticed Menkaure
  2985 | D:4      | Killed Menkaure
  2986 | D:4      | Reached XP level 7. HP: 41/55 MP: 7/9
  3207 | D:4      | Learned a level 7 spell: Storm Form
  3698 | D:5      | Entered Level 5 of the Dungeon
  3812 | D:5      | Found a staircase to the Ecumenical Temple.
  3847 | Temple   | Entered the Ecumenical Temple
  3872 | Temple   | Became a worshipper of the Wu Jian Council
  3872 | Temple   | Reached * piety under Wu Jian
  3872 | Temple   | Reached ** piety under Wu Jian
  3970 | D:5      | Reached skill level 5 in Fighting
  3970 | D:5      | Reached skill level 5 in Unarmed Combat
  3970 | D:5      | Reached skill level 1 in Air Magic
  4093 | D:5      | Found Gozag's Platinum Reserve.
  4093 | D:5      | Found an opulent altar of Gozag.
  4115 | D:5      | Reached skill level 1 in Transmutations
  4118 | D:5      | Found a basalt altar of Yredelemnul.
  4186 | D:5      | Reached XP level 8. HP: 55/62 MP: 10/12
  4815 | D:5      | Found a sacrificial altar of Ru.
  5554 | D:6      | Found Vaxun's Jewellery Shoppe.
  5589 | D:6      | Reached skill level 5 in Dodging
  5746 | D:6      | Learned a level 2 spell: Blink
  5749 | D:6      | Bought a +4 ring of protection for 360 gold pieces
  6069 | D:6      | Found a snail-covered altar of Cheibriados.
  6150 | D:6      | Reached XP level 9. HP: 36/69 MP: 14/14
  6439 | D:7      | Found Ymeuntie's Magic Scroll Shop.
  6768 | D:7      | Found a radiant altar of Vehumet.
  7251 | D:7      | Got Geer's Elucidation of the Sepulchral Switch
  7422 | D:7      | Found Oprar's Neck Hole.
  8153 | D:8      | Found a burning altar of Makhleb.
  8171 | D:8      | Reached *** piety under Wu Jian
  8176 | D:8      | Noticed Joseph
  8378 | D:8      | Killed Joseph
  8379 | D:8      | Reached skill level 5 in Spellcasting
  8379 | D:8      | Reached XP level 10. HP: 36/79 MP: 17/17
  8439 | D:8      | Noticed Pikel
  8599 | D:8      | Identified the +6 spear of Action {drain, rC+ Int+3 Dex+2
                  | SInv}
  8795 | D:8      | Killed Pikel
  9013 | D:8      | Noticed a deep elf pyromancer
  9367 | D:8      | Killed a deep elf pyromancer
  9647 | D:8      | Noticed an ice devil
  9657 | D:8      | Found a staircase to the Lair.
  9659 | D:8      | Noticed a komodo dragon
  9672 | D:8      | Killed a komodo dragon
 10003 | D:8      | Noticed an ice devil
 10005 | D:8      | Noticed a gargoyle
 10009 | D:8      | Slain by an ice devil

Illustrated notes

Levels and vault maps discovered:
D:1:      psy_arrival_dodecagon, layout_basic
D:2:      layout_rooms, hangedman_decor_points
D:3:      layout_basic, nicolae_overflow_crystal_walls, st_stairs_13
D:4:      layout_cave_pods, okawaru_metal_pillars_3, nicolae_figureground_pulse,
          uniq_menkaure
D:5:      layout_basic, lemuel_crystal_altar, mainiacjoe_overflow_alcove_1,
          nicolae_gozag_zags_fifth_avenue, minmay_temple_entry_sparse_star,
          minivault_5
D:6:      layout_basic, mainiacjoe_overflow_alcove_2,
          minmay_shop_enchanted_jewellery
D:7:      layout_basic, vehumet_altar_wand_db, serial_shops,
          nicolae_stop_n_shop_2, enter_bailey_4,
          nicolae_shop_sticking_my_neck_out
D:8:      layout_gridville, mainiacjoe_overflow_brackets, david_lair_shrubbed,
          dilly_guarded_unrand_elemental_staff, uniq_joseph, uniq_pikel
Temple:   nicolae_temple_hex_pool

Skill      XL: |  1  2  3  4  5  6  7  8  9 10 |
---------------+-------------------------------+-----
Fighting       | 4 5 6 7 8 |  8.3
Dodging        | 4 5 6 |  6.5
Unarmed Combat | 4 5 6 7 8 |  8.2
Spellcasting   | 1 2 3 5 |  5.0
Air Magic      | 1 2 3 4 |  4.4
Transmutations | 1 2 3 4 |  4.5

Action                     |  1- 3 |  4- 6 |  7- 9 | 10-12 || total
---------------------------+-------+-------+-------+-------++-------
  Melee: Unarmed           |   154 |   217 |   324 |    77 ||   772
         Punch             |     4 |     6 |    20 |     2 ||    32
Ability: Lunge             |       |       |    13 |     6 ||    19
         Whirlwind         |       |       |     1 |     1 ||     2
    Use: Scroll            |       |     2 |     7 |     3 ||    12
         Potion            |       |     2 |     4 |       ||     6
   Stab: Sleeping          |     5 |       |       |       ||     5
 Armour: Robe              |    24 |       |       |       ||    24
         Leather armour    |     3 |    73 |    75 |    31 ||   182
  Dodge: Dodged            |   111 |   153 |   217 |    66 ||   547
